 Dungeon Sprint DCSS version 0.16-b1 (webtiles) character file.

34685 McCoppin the Tortoise (level 13, -1/174 HPs)
             Began as a Demonspawn Fighter on Mar 11, 2015.
             Was the Champion of Yredelemnul.
             Killed by divine providence
             ... invoked by a greater mummy
              (11 damage)
             ... in the Dungeon (Sprint V: "Ziggurat Sprint").
             The game lasted 00:23:34 (2767 turns).

McCoppin the Tortoise (Demonspawn Fighter)          Turns: 2767, Time: 00:23:35

Health: -1/174     AC: 23    Str: 36      XL:     13   Next: 43%
Magic:  29/29      EV:  5    Int:  5 (9)  God:    Yredelemnul [******]
Gold:   0          SH: 34    Dex: 16      Spells: 0 memorised, 12 levels left

rFire  + + .     SeeInvis .     l - +5 demon whip (elec)
rCold  . . .     Clarity  .     M - +5 fire dragon armour
rNeg   + + .     SustAb   .     J - +18 shield of the gong {rElec rN+ MR+ EV-5}
rPois  .         Gourm    .     (helmet restricted)
rElec  +         Spirit   .     (no cloak)
rCorr  .         Warding  .     (no gloves)
rMut   .         NoTele   +     (no boots)
MR     +....                    (no amulet)
Stlth  ..........               I - +6 ring of strength
                                H - +6 ring of strength (curse)

@: berserking, very slightly contaminated, hasted, wreathed by umbra, studying 2
skills, very quick, somewhat resistant to hostile enchantments, extremely
unstealthy
A: horns 2, icy blue scales 3, demonic guardian 1, negative energy resistance 1
a: Animate Dead, Recall Undead Slaves, Injury Mirror, Drain Life, Enslave Soul,
Renounce Religion


You were in the Dungeon.
You worshipped Yredelemnul.
Yredelemnul was exalted by your worship.
You were not hungry.

You visited 1 branch

Inventory:

Hand weapons
 a - a cursed +0 flail
 l - a +5 demon whip of electrocution (weapon)
 K - the +6 shillelagh "Devastator" {shatter}
   (You found it in the Dungeon)
 Q - the +3 lajatang "Frisemm" {speed, rF+ Int+4 Stlth-, unknown}
   (You acquired it in the Dungeon)

   Attacks with this weapon are significantly faster.
   It affects your intelligence (+4).
   It protects you from fire.
   It makes you less stealthy.
Armour
 b - a +0 scale mail
 c - a +0 shield
 J - the +18 shield of the gong (worn) {rElec rN+ MR+ EV-5}
   (You found it in the Dungeon)

   It affects your evasion (-5).
   It insulates you from electricity.
   It protects you from negative energy.
   It affects your resistance to hostile enchantments.
 L - a +5 crystal plate armour
 M - a +5 fire dragon armour (worn)
 N - a +5 gold dragon armour
 P - the cursed -3 pair of gloves "Byar" {Dex+3}
   (You found it in the Dungeon)

   It affects your dexterity (+3).
   It has a curse placed upon it.
Jewellery
 D - a +6 ring of dexterity
 E - a +6 ring of dexterity
 F - a +6 ring of intelligence
 G - a +6 ring of intelligence
 H - a cursed +6 ring of strength (left hand)
 I - a +6 ring of strength (right hand)
 R - the amulet of Trafullu {-Cast MR+ Regen+ Str+4}
   (You found it in the Dungeon)

   [amulet of regeneration]

   It affects your strength (+4).
   It affects your resistance to hostile enchantments.
   It prevents spellcasting.
   It increases your rate of regeneration.
 S - the cursed ring "Qeano" {+Fly rN++ Dex-4}
   (You found it in the Dungeon)

   [ring of flight]

   It affects your dexterity (-4).
   It greatly protects you from negative energy.
   It lets you fly.
   It has a curse placed upon it.
 T - an uncursed ring of ice
 W - the ring "Miacs" {Wiz rPois}
   (You took it off a merfolk javelineer in the Dungeon)

   [ring of wizardry]

   It improves your spell success rate.
   It protects you from poison.
 X - an uncursed ring of protection from magic
 Y - the amulet of the Stag {Ward +Inv rPois rN+ MR- Str-4 Int+6}
   (You found it in the Dungeon)

   [amulet of warding]

   It may prevent the melee attacks of summoned creatures.
   It affects your strength (-4).
   It affects your intelligence (+6).
   It protects you from poison.
   It protects you from negative energy.
   It affects your resistance to hostile enchantments.
   It lets you turn invisible.
 Z - a +3 ring of slaying
Magical devices
 y - a wand of disintegration (7)
 z - a wand of fire (5)
 B - a wand of cold (5)
 C - a wand of draining (5)
Scrolls
 k - 4 scrolls of blinking
 o - 4 scrolls of amnesia
 p - 3 scrolls of recharging
 q - 7 scrolls of fog
 r - 5 scrolls of identify
 s - 5 scrolls of remove curse
 t - 2 scrolls of fear
Potions
 e - 3 potions of might
 f - 10 potions of curing
 h - 5 potions of haste
 i - 6 potions of magic
 j - 2 potions of berserk rage
 u - 2 potions of brilliance
 v - 2 potions of invisibility
 w - 2 potions of restore abilities
 x - 4 potions of resistance
 A - 5 potions of agility
Books
 U - a manual of Dodging
 V - a manual of Stealth
Miscellaneous
 O - a disc of storms
Comestibles
 d - 5 bread rations
 m - 31 fruits
 n - 3 meat rations


   Skills:
 - Level 15.4 Fighting
 - Level 13.9 Maces & Flails
 + Level 18.4 Armour
 - Level 1.5 Dodging
 + Level 16.5 Shields
 + Level 13.3 Invocations


You had 12 spell levels left.
You didn't know any spells.

Dungeon Overview and Level Annotations

Branches:
Dungeon (1/1)

Altars:
Ashenzari
Cheibriados
Dithmenos
Elyvilon
Fedhas
Gozag
Kikubaaqudgha
Makhleb
Nemelex Xobeh
Okawaru
Qazlal
Ru
Sif Muna
Trog
Vehumet
Xom
Yredelemnul
Zin
The Shining One
Beogh
Jiyva
Lugonu


Innate Abilities, Weirdness & Mutations

You have a pair of horns on your head.
You are completely covered in icy blue scales (AC +4, EV -1, rC+).
A weak demonic guardian rushes to your aid.
You resist negative energy.


Message History

Your profane servitor hits the greater mummy with an enchanted whip!
Your profane servitor barely misses the greater mummy.
You block the mana viper's attack.
GONNNNG!
Your orc zombie hits the greater mummy with a bardiche.
The flayed ghost cries, "Suffer as I suffered!"
The mummy priest hits your trapdoor spider zombie!!
Your death cob hits the greater mummy.
Your ghoul hits the greater mummy.
Your ghoul claws the greater mummy!!
Your phantasmal warrior blinks!
Your trapdoor spider zombie bites the mummy priest.
You swap places.
The bat skeleton misses your death cob.
The mana viper closely misses your merfolk zombie.
The bat skeleton hits your jumping spider zombie.
The shadow slips into darkness.
The shadow flickers and vanishes!
Something hits your ghoul!! The greater mummy casts a spell at you.
Something smites you!
You die...
Your body rises from the dead as a mindless zombie. ▓▓▓▓▓▓▓▓▓▓▓▓▓▓▓▓▓..[Z%A. .....8©8... ▓..[nZnA ...:ZsSW)..:| ▓....ZVD ▓b.syZZ8M4{nW". ▓....Z%V ▓..ByMMMWMZVZ.. ▓.....nZ ▓..wMyMMWWMW...

▓.......
▓..WWM.MSZMMWS..▓.......
▓..swWnnZZM{ZM..▓..▓....
▓...{MM@%ZZW....▓.▓▓▓...
▓...§.AZn.ZS....▓..▓....
▓.....DAZ.......▓.......
▓...§..Z........▓.......
▓...............▓▓▓▓▓▓▓▓
▓...............▓.....8©
▓...............▓.})[[)}
▓...............▓..:..[W
▓▓▓▓▓▓▓▓▓▓▓▓▓▓▓▓▓....ZnD


You could see 5 greater mummies, a mummy priest, 3 flayed ghosts, a goliath
beetle, 3 phantasmal warriors, 4 mana vipers, 3 guardian mummies, an ushabti, a
freezing wraith, a spectral ball python, a spectral jackal, a vampire, a red
devil, 2 worms, a vampire mosquito, a necrophage, 2 shadows, a wasp, a spider, 8
mummies, 2 scorpions, a killer bee, a bat simulacrum, a giant cockroach
simulacrum, a giant gecko zombie, a bat skeleton, an adder skeleton, a friendly
bone dragon, 2 friendly profane servitors, 3 friendly ghouls, a friendly death
cob, 2 friendly phantasmal warriors, a friendly hornet zombie, a friendly
trapdoor spider zombie, a friendly jumping spider zombie, a friendly snapping
turtle zombie, a friendly ugly thing zombie, a friendly orc zombie and 2
friendly merfolk zombies.

Vanquished Creatures
  A fire giant (D)
  2 vampire knights (D)
  A black draconian (D)
  A mottled draconian (D)
  2 vault guards (D)
  A merfolk impaler (D)
  A great orb of eyes (D)
  A naga warrior (D)
  A hell hog (D)
  A skeletal warrior (D)
  A giant orange brain (shapeshifter) (D)
  2 orc knights (D)
  A necromancer (D)
  2 ironbrand convokers (D)
  A wolf spider (shapeshifter) (D)
  A wolf spider (D)
  An ugly thing (D)
  4 draconians (D)
  A hornet (D)
  2 cyclopes (D)
  A vault sentinel (D)
  A black mamba (D)
  2 spiny frogs (D)
  A komodo dragon (shapeshifter) (D)
  2 komodo dragons (D)
  A yaktaur (D)
  A queen bee (shapeshifter) (D)
  2 fire vortices (D)
  2 orc warriors (D)
  A jumping spider (D)
  A merfolk (D)
  2 slime creatures (D)
  2 tarantellas (D)
  A golden eye (D)
  3 spriggans (D)
  A fire elemental (D)
  2 neqoxecs (D)
  A shadow (D)
  4 yaks (D)
  A hippogriff (shapeshifter) (D)
  A hippogriff (D)
  2 water moccasins (D)
  A spider (D)
  A black bear (D)
  A necrophage (D)
  A porcupine (D)
  A wasp (D)
  A crocodile (D)
  2 giant frogs (D)
  A scorpion (D)
  A wight (D)
  A crimson imp (D)
  A jelly (D)
  A quasit (D)
  2 orc priests (D)
  2 iron imps (D)
  An orc wizard (D)
  A sheep (D)
  2 orcs (D)
  A bat zombie (D)
  A jackal (D)
  A quokka (D)
87 creatures vanquished.

Vanquished Creatures (collateral kills)
  A vampire knight (D)
  3 merfolk javelineers (D)
  A mummy priest (D)
  2 death oozes (D)
  2 merfolk impalers (D)
  A jiangshi (D)
  2 naga warriors (D)
  A merfolk aquamancer (D)
  A vampire mage (D)
  A siren (D)
  A sea snake (D)
  A flayed ghost (D)
  An anubis guard (D)
  A naga mage (D)
  An ugly thing (D)
  A harpy (D)
  A lindwurm (shapeshifter) (D)
  2 mana vipers (D)
  An orb spider (D)
  2 orc knights (D)
  3 hornets (D)
  An orc sorcerer (D)
  A wolf spider (D)
  2 black mambas (D)
  An eye of devastation (D)
  3 guardian serpents (D)
  A torpor snail (shapeshifter) (D)
  An orange demon (D)
  A queen ant (shapeshifter) (D)
  A spiny frog (D)
  A komodo dragon (D)
  A yaktaur (D)
  5 demonic crawlers (D)
  2 jumping spiders (D)
  A freezing wraith (D)
  A troll (D)
  A slime creature (shapeshifter) (D)
  A snapping turtle (D)
  A basilisk (shapeshifter) (D)
  2 blink frogs (D)
  4 slime creatures (D)
  An ushabti (D)
  2 trapdoor spiders (D)
  A spriggan (D)
  3 shadows (D)
  2 yaks (D)
  3 vampires (D)
  A wolf (D)
  A water moccasin (D)
  An orc warrior (D)
  2 spiders (D)
  2 black bears (D)
  An eye of draining (D)
  A necrophage (D)
  3 wasps (D)
  A boring beetle (D)
  A crocodile (D)
  A killer bee (D)
  A scorpion (D)
  4 wights (D)
  A goliath beetle (D)
  A quasit (D)
  2 hounds (D)
  A jelly (D)
  2 sheep (D)
  3 mummies (D)
  A giant eyeball (D)
  A spectral adder (D)
  An adder zombie (D)
  An ooze (D)
  9 orcs (D)
  2 bat skeletons (D)
  2 bat zombies (D)
  A goblin (D)
  3 quokkas (D)
  A ball python skeleton (D)
  A ball python zombie (D)
  A giant cockroach zombie (D)
  A quokka zombie (D)
129 creatures vanquished.

Vanquished Creatures (others)
  A bone dragon (D)
  3 death cobs (D)
  2 flayed ghosts (D)
  4 phantasmal warriors (D)
  3 guardian serpent zombies (D)
  A tarantella zombie (D)
  A hornet zombie (D)
  13 flying skulls (D)
  A wraith (D)
  3 vampires (D)
  4 merfolk zombies (D)
  2 human zombies (D)
  A draconian zombie (D)
  A komodo dragon zombie (D)
  A cyclops zombie (D)
  3 yak zombies (D)
  A killer bee (D)
  4 spriggan zombies (D)
  2 wights (D)
  A giant frog zombie (D)
  3 crimson imps (D)
  4 iron imps (D)
  A worker ant (D)
  A porcupine zombie (D)
  A hound zombie (D)
  A mummy (D)
  3 white imps (D)
  2 ufetubi (D)
  A sheep zombie (D)
  A jackal zombie (D)
70 creatures vanquished.

Grand Total: 286 creatures vanquished

Notes
Turn   | Place    | Note
--------------------------------------------------------------
     0 | D        | McCoppin, the Demonspawn Fighter, began the quest for the Orb.
     0 | D        | Reached XP level 1. HP: 18/18 MP: 1/1
     0 | D        | Found a basalt altar of Yredelemnul.
     0 | D        | Found an iron altar of Okawaru.
     1 | D        | Found a viscous altar of Jiyva.
     3 | D        | Found a radiant altar of Vehumet.
     3 | D        | Found a shimmering altar of Xom.
    10 | D        | Became a worshipper of Yredelemnul the Dark
    13 | D        | Found a burning altar of Makhleb.
    17 | D        | Found a deep blue altar of Sif Muna.
    18 | D        | Found a white marble altar of Elyvilon.
    19 | D        | Found a corrupted altar of Lugonu.
    19 | D        | Found a sparkling altar of Nemelex Xobeh.
    25 | D        | Reached skill level 7 in Maces & Flails
    25 | D        | Gained mutation: You are partially covered in icy blue scales (AC +1). [demonic ancestry]
    25 | D        | Reached XP level 2. HP: 24/24 MP: 2/2
    28 | D        | Found a bloodstained altar of Trog.
    88 | D        | Entered arena 1.
    88 | D        | Noticed a slime creature
    88 | D        | Noticed a golden eye
    92 | D        | Killed a golden eye
    92 | D        | Reached skill level 5 in Armour
    92 | D        | Reached skill level 5 in Shields
    92 | D        | Reached XP level 3. HP: 13/34 MP: 3/3
    92 | D        | Reached XP level 4. HP: 15/40 MP: 4/4
    92 | D        | Gained mutation: You are mostly covered in icy blue scales (AC +3, EV -1). [demonic ancestry]
    92 | D        | Reached XP level 5. HP: 17/46 MP: 5/5
   101 | D        | Killed a slime creature
   101 | D        | Gained mutation: You have a pair of small horns on your head. [demonic ancestry]
   101 | D        | Reached XP level 6. HP: 12/55 MP: 6/6
   338 | D        | Got the cursed -3 pair of gloves "Byar" {Dex+3}
   341 | D        | Entered arena 2.
   341 | D        | Noticed a scorpion
   341 | D        | Noticed a tarantella
   341 | D        | Noticed a jumping spider
   344 | D        | Killed a jumping spider
   344 | D        | Acquired Yredelemnul's first power
   344 | D        | Reached skill level 8 in Fighting
   344 | D        | Reached XP level 7. HP: 60/63 MP: 7/7
   347 | D        | Killed a tarantella
   347 | D        | Reached skill level 9 in Fighting
   348 | D        | Killed a scorpion
   348 | D        | Acquired Yredelemnul's second power
   348 | D        | Reached skill level 1 in Dodging
   372 | D        | Entered arena 3.
   372 | D        | Noticed a fire vortex
   372 | D        | Noticed a hell hog
   372 | D        | Noticed a fire vortex
   372 | D        | Noticed a fire elemental
   380 | D        | Killed a hell hog
   380 | D        | Reached skill level 10 in Fighting
   380 | D        | Reached skill level 1 in Invocations
   380 | D        | Gained mutation: A weak demonic guardian rushes to your aid. [demonic ancestry]
   380 | D        | Reached XP level 8. HP: 66/72 MP: 8/10
   385 | D        | Killed a fire elemental
   387 | D        | Killed a fire vortex
   391 | D        | Killed a fire vortex
   414 | D        | Entered arena 4.
   414 | D        | Noticed an orc priest
   414 | D        | Noticed an orc wizard
   414 | D        | Noticed an orc priest
   418 | D        | Killed an orc priest
   418 | D        | Killed an orc wizard
   419 | D        | Killed an orc priest
   419 | D        | Gained mutation: You have a pair of horns on your head. [demonic ancestry]
   419 | D        | Reached XP level 9. HP: 79/79 MP: 11/11
   425 | D        | Entered arena 5.
   425 | D        | Noticed a cyclops
   425 | D        | Noticed a green ugly thing
   425 | D        | Noticed a yaktaur
   425 | D        | Noticed a cyclops
   425 | D        | Noticed an ironbrand convoker
   431 | D        | Killed an ironbrand convoker
   431 | D        | Acquired Yredelemnul's third power
   431 | D        | Reached skill level 11 in Fighting
   431 | D        | Reached skill level 10 in Armour
   431 | D        | Reached skill level 10 in Shields
   432 | D        | Killed a cyclops
   432 | D        | Reached skill level 10 in Maces & Flails
   432 | D        | Killed a yaktaur
   433 | D        | Killed a green ugly thing
   433 | D        | Acquired Yredelemnul's fourth power
   435 | D        | Killed a cyclops
   435 | D        | Reached skill level 12 in Fighting
   551 | D        | Entered arena 6.
   551 | D        | Noticed a draconian
   551 | D        | Noticed a mottled draconian
   551 | D        | Noticed a draconian
   551 | D        | Noticed a black draconian
   551 | D        | Noticed a draconian
   551 | D        | Noticed a draconian
   563 | D        | Killed a draconian
   563 | D        | Gained mutation: You are completely covered in icy blue scales (AC +4, EV -1, rC+). [demonic ancestry]
   563 | D        | Reached XP level 10. HP: 42/89 MP: 8/12
   563 | D        | Received a gift from Yredelemnul
   567 | D        | Killed a draconian
   571 | D        | Killed a draconian
   571 | D        | Killed a mottled draconian
   571 | D        | Received a gift from Yredelemnul
   576 | D        | Killed a black draconian
   576 | D        | Reached skill level 13 in Fighting
   579 | D        | Killed a draconian
   579 | D        | Acquired Yredelemnul's fifth power
   829 | D        | Entered arena 7.
   829 | D        | Noticed a yak
   829 | D        | Noticed a giant frog
   829 | D        | Noticed a komodo dragon
   829 | D        | Noticed a komodo dragon
   832 | D        | Killed a giant frog
   832 | D        | Received a gift from Yredelemnul
   835 | D        | Killed a yak
   835 | D        | Received a gift from Yredelemnul
   837 | D        | Killed a komodo dragon
   840 | D        | Killed a komodo dragon
   840 | D        | Received a gift from Yredelemnul
   976 | D        | Entered arena 8.
   976 | D        | Noticed a fire giant
   976 | D        | Noticed an ironbrand convoker
   976 | D        | Noticed a yaktaur
   976 | D        | Noticed a vault guard
   976 | D        | Noticed a hornet
   976 | D        | Noticed a vault sentinel
   976 | D        | Noticed a vault guard
   983 | D        | Killed a hornet
   989 | D        | Killed an ironbrand convoker
   989 | D        | Reached XP level 11. HP: 42/99 MP: 12/14
   989 | D        | Killed a vault sentinel
   989 | D        | Killed a yaktaur
   990 | D        | Killed a vault guard
   990 | D        | Reached skill level 14 in Fighting
   992 | D        | Killed a fire giant
   995 | D        | Killed a vault guard
   995 | D        | Received a gift from Yredelemnul
   995 | D        | Received a gift from Yredelemnul
  1326 | D        | Entered arena 9.
  1326 | D        | Noticed a black bear
  1326 | D        | Noticed a spriggan rider
  1326 | D        | Noticed a black bear
  1326 | D        | Noticed a wolf
  1326 | D        | Noticed a spriggan
  1326 | D        | Noticed a black bear
  1326 | D        | Noticed a spriggan
  1326 | D        | Noticed a spriggan
  1329 | D        | Killed a wolf
  1336 | D        | Killed a wasp
  1336 | D        | Killed a black bear
  1337 | D        | Killed a spriggan
  1337 | D        | Killed a black bear
  1338 | D        | Received a gift from Yredelemnul
  1338 | D        | Killed a spriggan
  1338 | D        | Killed a spriggan
  1339 | D        | Received a gift from Yredelemnul
  1339 | D        | Killed a spriggan
  1340 | D        | Killed a black bear
  1352 | D        | Got an iridescent lajatang
  1355 | D        | Entered arena 10.
  1355 | D        | Noticed a spiny frog
  1355 | D        | Noticed a porcupine
  1355 | D        | Noticed a giant frog
  1355 | D        | Noticed a yak
  1355 | D        | Noticed a water moccasin
  1355 | D        | Noticed a yak
  1355 | D        | Noticed a spiny frog
  1360 | D        | Killed a spiny frog
  1364 | D        | Killed a spiny frog
  1365 | D        | Killed a giant frog
  1366 | D        | Received a gift from Yredelemnul
  1366 | D        | Received a gift from Yredelemnul
  1366 | D        | Killed a porcupine
  1366 | D        | Killed a yak
  1368 | D        | Killed a yak
  1372 | D        | Killed a water moccasin
  1380 | D        | Got the amulet of Trafullu {-Cast MR+ Regen+ Str+4}
  1397 | D        | Entered arena 11.
  1397 | D        | Noticed a water moccasin
  1397 | D        | Noticed a black mamba
  1397 | D        | Noticed a water moccasin
  1397 | D        | Noticed a naga
  1397 | D        | Noticed a naga warrior
  1397 | D        | Noticed a naga warrior
  1397 | D        | Noticed a guardian serpent
  1397 | D        | Noticed a naga warrior
  1397 | D        | Noticed a guardian serpent
  1399 | D        | Noticed a guardian serpent
  1401 | D        | Killed a water moccasin
  1401 | D        | Received a gift from Yredelemnul
  1401 | D        | Received a gift from Yredelemnul
  1401 | D        | Received a gift from Yredelemnul
  1402 | D        | Killed a water moccasin
  1403 | D        | Killed a guardian serpent
  1408 | D        | Killed a naga warrior
  1414 | D        | Killed a black mamba
  1415 | D        | Received a gift from Yredelemnul
  1415 | D        | Killed a guardian serpent
  1415 | D        | Reached skill level 15 in Fighting
  1416 | D        | Killed a guardian serpent
  1417 | D        | Killed a naga warrior
  1418 | D        | Killed a naga warrior
  1419 | D        | Received a gift from Yredelemnul
  1421 | D        | Killed a naga mage
  1703 | D        | Got the ring "Qeano" {+Fly rN++ Dex-4}
  1709 | D        | Entered arena 12.
  1709 | D        | Noticed a shadow
  1709 | D        | Noticed a shadow
  1709 | D        | Noticed a necrophage
  1709 | D        | Noticed a vampire knight
  1709 | D        | Noticed a wight
  1710 | D        | Noticed a wight
  1716 | D        | Killed a wight
  1718 | D        | Killed a vampire knight
  1718 | D        | Reached XP level 12. HP: 110/110 MP: 12/15
  1720 | D        | Killed a necrophage
  1720 | D        | Killed a shadow
  1721 | D        | Killed a wight
  1722 | D        | Killed a shadow
  1726 | D        | Killed a vampire mage
  1738 | D        | Entered arena 13.
  1738 | D        | Noticed a merfolk
  1738 | D        | Noticed a siren
  1738 | D        | Noticed a merfolk impaler
  1739 | D        | Noticed a merfolk aquamancer
  1739 | D        | Noticed a merfolk impaler
  1739 | D        | Noticed a merfolk javelineer
  1740 | D        | Noticed a sea snake
  1740 | D        | Noticed a merfolk javelineer
  1740 | D        | Noticed a merfolk javelineer
  1740 | D        | Noticed a merfolk impaler
  1740 | D        | Noticed a snapping turtle
  1741 | D        | Noticed a harpy
  1759 | D        | Killed a merfolk javelineer
  1764 | D        | Killed a harpy
  1768 | D        | Killed a sea snake
  1768 | D        | Reached skill level 15 in Armour
  1769 | D        | Received a gift from Yredelemnul
  1770 | D        | Killed a merfolk aquamancer
  1773 | D        | Killed a merfolk javelineer
  1774 | D        | Killed a merfolk impaler
  1775 | D        | Received a gift from Yredelemnul
  1779 | D        | Killed a merfolk impaler
  1779 | D        | Reached skill level 5 in Invocations
  1787 | D        | Killed a siren
  1788 | D        | Killed a merfolk
  1788 | D        | Received a gift from Yredelemnul
  1790 | D        | Killed a merfolk impaler
  1792 | D        | Killed a merfolk javelineer
  1793 | D        | Killed a snapping turtle
  1793 | D        | Reached skill level 16 in Armour
  1803 | D        | Got the ring "Miacs" {Wiz rPois}
  2054 | D        | Entered arena 14.
  2054 | D        | Noticed an eye of devastation
  2054 | D        | Noticed a neqoxec
  2054 | D        | Noticed a yaktaur
  2055 | D        | Noticed a cyan ugly thing
  2055 | D        | Noticed a deep troll
  2055 | D        | Noticed a hippogriff
  2056 | D        | Noticed a merfolk
  2056 | D        | Noticed a lindwurm
  2056 | D        | Noticed a neqoxec
  2056 | D        | Noticed a swamp dragon
  2056 | D        | a swamp dragon changed into a water nymph
  2056 | D        | a deep troll changed into a slime creature
  2057 | D        | Noticed a basilisk
  2060 | D        | a merfolk changed into a faun
  2061 | D        | Killed a neqoxec
  2062 | D        | Killed a hippogriff
  2066 | D        | an eye of devastation changed into a glowing shapeshifter
  2066 | D        | a yaktaur changed into a queen bee
  2066 | D        | Killed a cyan ugly thing
  2069 | D        | Received a gift from Yredelemnul
  2069 | D        | Killed a lindwurm
  2074 | D        | Killed a neqoxec
  2078 | D        | Reached skill level 15 in Shields
  2081 | D        | Killed a basilisk
  2082 | D        | Received a gift from Yredelemnul
  2123 | D        | Entered arena 15.
  2123 | D        | Noticed a vampire knight
  2123 | D        | Noticed a wight
  2123 | D        | Noticed a necrophage
  2124 | D        | Noticed a vampire knight
  2124 | D        | Noticed a vampire
  2125 | D        | Noticed a vampire
  2125 | D        | Noticed a skeletal warrior
  2125 | D        | Noticed a wight
  2125 | D        | Noticed a necromancer
  2125 | D        | Noticed a vampire
  2130 | D        | Killed a necrophage
  2131 | D        | Killed a wight
  2133 | D        | Killed a wight
  2134 | D        | Noticed a shadow
  2134 | D        | Killed a necromancer
  2136 | D        | Killed a shadow
  2139 | D        | Killed a skeletal warrior
  2140 | D        | Killed a vampire knight
  2140 | D        | Killed a vampire
  2141 | D        | Killed a vampire
  2144 | D        | Killed a vampire
  2144 | D        | Reached skill level 17 in Armour
  2152 | D        | Killed a vampire knight
  2313 | D        | Entered arena 16.
  2328 | D        | Noticed a slime creature
  2328 | D        | Noticed a jelly
  2328 | D        | Noticed an eye of devastation
  2329 | D        | Noticed a jelly
  2329 | D        | Noticed a death ooze
  2329 | D        | Noticed a great orb of eyes
  2329 | D        | Noticed a slime creature
  2329 | D        | Noticed a slime creature
  2329 | D        | Noticed a slime creature
  2330 | D        | Paralysed by a great orb of eyes for 2 turns
  2334 | D        | Noticed a death ooze
  2334 | D        | Noticed a slime creature
  2334 | D        | Noticed an eye of draining
  2334 | D        | Noticed a slime creature
  2334 | D        | Killed a death ooze
  2334 | D        | Reached skill level 10 in Invocations
  2336 | D        | Killed a slime creature
  2336 | D        | Received a gift from Yredelemnul
  2336 | D        | Killed a slime creature
  2337 | D        | Killed a large slime creature
  2338 | D        | Killed a jelly
  2338 | D        | Received a gift from Yredelemnul
  2338 | D        | Killed a jelly
  2339 | D        | Killed an eye of devastation
  2339 | D        | Gained mutation: You resist negative energy. [demonic ancestry]
  2339 | D        | Reached XP level 13. HP: 116/116 MP: 27/27
  2339 | D        | Paralysed by a giant eyeball for 2 turns
  2342 | D        | Killed a death ooze
  2344 | D        | Killed a great orb of eyes
  2344 | D        | Received a gift from Yredelemnul
  2344 | D        | Killed a slime creature
  2344 | D        | Killed a slime creature
  2345 | D        | Received a gift from Yredelemnul
  2345 | D        | Paralysed by a giant eyeball for 3 turns
  2348 | D        | Killed an eye of draining
  2349 | D        | Received a gift from Yredelemnul
  2447 | D        | Entered arena 17.
  2447 | D        | Noticed a hound
  2449 | D        | Killed a hound
  2451 | D        | Noticed a blink frog
  2451 | D        | Noticed a blink frog
  2452 | D        | Noticed a spiny frog
  2452 | D        | Noticed a hound
  2452 | D        | Noticed a yak
  2452 | D        | Noticed a yak
  2452 | D        | Noticed a yak
  2452 | D        | Noticed a crocodile
  2453 | D        | Noticed a crocodile
  2453 | D        | Noticed a black mamba
  2454 | D        | Noticed a black mamba
  2454 | D        | Killed a hound
  2455 | D        | Received a gift from Yredelemnul
  2455 | D        | Killed a yak
  2456 | D        | Noticed a hippogriff
  2456 | D        | Noticed a komodo dragon
  2459 | D        | Killed a yak
  2459 | D        | Killed a spiny frog
  2461 | D        | Killed a black mamba
  2461 | D        | Received a gift from Yredelemnul
  2461 | D        | Received a gift from Yredelemnul
  2462 | D        | Killed a blink frog
  2463 | D        | Killed a crocodile
  2463 | D        | Killed a black mamba
  2464 | D        | Received a gift from Yredelemnul
  2464 | D        | Received a gift from Yredelemnul
  2465 | D        | Killed a blink frog
  2466 | D        | Killed a yak
  2466 | D        | Killed a crocodile
  2468 | D        | Killed a hippogriff
  2468 | D        | Received a gift from Yredelemnul
  2468 | D        | Received a gift from Yredelemnul
  2469 | D        | Killed a komodo dragon
  2475 | D        | Got the amulet of the Stag {Ward +Inv rPois rN+ MR- Str-4 Int+6}
  2488 | D        | Entered arena 18.
  2505 | D        | Noticed an orc knight
  2505 | D        | Noticed an orc warrior
  2505 | D        | Noticed a troll
  2506 | D        | Noticed an orc warrior
  2506 | D        | Noticed an orc warrior
  2506 | D        | Noticed an orc knight
  2506 | D        | Noticed an orc knight
  2508 | D        | Noticed an orc knight
  2508 | D        | Noticed an orc sorcerer
  2513 | D        | Killed an orc knight
  2514 | D        | Received a gift from Yredelemnul
  2514 | D        | Killed an orc warrior
  2515 | D        | Killed a troll
  2516 | D        | Killed an orc warrior
  2516 | D        | Received a gift from Yredelemnul
  2520 | D        | Killed an orc knight
  2522 | D        | Killed an orc knight
  2522 | D        | Reached skill level 18 in Armour
  2522 | D        | Received a gift from Yredelemnul
  2524 | D        | Killed an orc sorcerer
  2525 | D        | Received a gift from Yredelemnul
  2525 | D        | Killed an orc knight
  2527 | D        | Killed an orc warrior
  2528 | D        | Received a gift from Yredelemnul
  2537 | D        | Entered arena 19.
  2555 | D        | Noticed a hornet
  2555 | D        | Noticed a boring beetle
  2555 | D        | Noticed a jumping spider
  2556 | D        | Noticed a wolf spider
  2556 | D        | Noticed a wasp
  2556 | D        | Noticed a wasp
  2556 | D        | Noticed a spider
  2556 | D        | Noticed a demonic crawler
  2556 | D        | Noticed a demonic crawler
  2556 | D        | Noticed a demonic crawler
  2556 | D        | Noticed a trapdoor spider
  2556 | D        | Noticed a demonic crawler
  2556 | D        | Noticed a demonic crawler
  2556 | D        | Noticed an orb spider
  2556 | D        | Noticed a tarantella
  2557 | D        | Noticed a hornet
  2557 | D        | Noticed a hornet
  2557 | D        | Noticed a trapdoor spider
  2557 | D        | Noticed a wasp
  2557 | D        | Noticed a jumping spider
  2558 | D        | Noticed a wolf spider
  2559 | D        | Noticed a scorpion
  2560 | D        | Killed a jumping spider
  2562 | D        | Killed a spider
  2562 | D        | Received a gift from Yredelemnul
  2562 | D        | Killed a wasp
  2563 | D        | Killed a tarantella
  2563 | D        | Received a gift from Yredelemnul
  2564 | D        | Killed a trapdoor spider
  2567 | D        | Killed a hornet
  2568 | D        | Killed a hornet
  2568 | D        | Killed a demonic crawler
  2570 | D        | Killed a wolf spider
  2570 | D        | Received a gift from Yredelemnul
  2570 | D        | Received a gift from Yredelemnul
  2570 | D        | Killed a wasp
  2570 | D        | Killed a scorpion
  2571 | D        | Killed a demonic crawler
  2571 | D        | Killed a demonic crawler
  2572 | D        | Killed a wolf spider
  2573 | D        | Killed a trapdoor spider
  2573 | D        | Killed a wasp
  2574 | D        | Received a gift from Yredelemnul
  2576 | D        | Killed a boring beetle
  2576 | D        | Killed a demonic crawler
  2576 | D        | Killed an orb spider
  2577 | D        | Killed a jumping spider
  2577 | D        | Killed a hornet
  2577 | D        | Killed a demonic crawler
  2578 | D        | Received a gift from Yredelemnul
  2730 | D        | Entered arena 20.
  2745 | D        | Noticed an anubis guard
  2745 | D        | Noticed an ushabti
  2746 | D        | Noticed a greater mummy
  2746 | D        | Noticed a mummy priest
  2746 | D        | Noticed a greater mummy
  2746 | D        | Noticed a guardian mummy
  2746 | D        | Noticed a greater mummy
  2746 | D        | Noticed a greater mummy
  2746 | D        | Noticed a mummy priest
  2747 | D        | Noticed a greater mummy
  2747 | D        | Noticed a guardian mummy
  2747 | D        | Identified a +3 rod of the swarm (6/11)
  2748 | D        | Noticed an ushabti
  2748 | D        | Noticed a guardian mummy
  2753 | D        | Identified a +3 rod of the swarm (9/14)
  2756 | D        | Killed an anubis guard
  2756 | D        | Killed a mummy priest
  2757 | D        | Killed an ushabti
  2767 | D        | Killed from afar by a greater mummy

Action                   |  1- 3 |  4- 6 |  7- 9 | 10-12 | 13-15 || total
-------------------------+-------+-------+-------+-------+-------++-------
Melee: Shillelagh        |     3 |    10 |    39 |    29 |       ||    81
       Demon whip        |       |       |       |   117 |    50 ||   167
Invok: Animate Remains   |       |       |     1 |       |       ||     1
       Animate Dead      |       |       |     1 |    22 |     5 ||    28
       Recall Undead Sla |       |       |     1 |    11 |     4 ||    16
       Stop Recall       |       |       |       |     2 |       ||     2
       Drain Life        |       |       |       |     3 |       ||     3
  Use: Potion            |     1 |       |     1 |     9 |     6 ||    17
       Scroll            |       |       |       |     2 |       ||     2
 Stab: Distracted        |       |       |       |     4 |       ||     4
  Eat: Fruit             |       |       |       |    11 |       ||    11
       Meat ration       |       |       |       |     1 |       ||     1
